[Event "Titled Tuesday Blitz February 14 Early 2023"]
[White "Chylewski, Patryk"]
[Black "Lopez Del Alamo, Antonio"]
[WhiteFideId "1186191"]
[BlackFideId "2227339"]
[WhiteElo "2281"]
[BlackElo "2280"]
[Result "1/2-1/2"]
[Round "01"]
[TimeControl "180+2"]
[Date "2023.02.15"]
[WhiteClock "0:00:05"]
[BlackClock "0:00:08"]

1. e4 c5 2. Nf3 e6 3. c3 Nc6 4. d4 d5 5. exd5 Qxd5 6. Na3 a6 7. Nc4 Qd8 8. Be3 b5 9. Nce5 Bb7 10. dxc5 Qc7 11. Nxc6 Bxc6 12. b4 Nf6 13. Be2 Be7 14. O-O O-O 15. Qc2 Rfd8 16. Rfd1 Rxd1+ 17. Rxd1 Nd5 18. Bd4 f6 19. Qc1 a5 20. a3 axb4 21. cxb4 Qa7 22. Bb2 Qc7 23. Nd4 Nf4 24. Bf1 e5 25. Nxc6 Qxc6 26. g3 Ne6 27. Bg2 Qc8 28. Bxa8 Qxa8 29. c6 Bd8 30. Rd7 Bb6 31. Qc2 Bd4 32. c7 Qc8 33. Rd5 Bxb2 34. Qxb2 Qxc7 35. Qd2 Nd4 36. Rxd4 exd4 37. Qxd4 Qc1+ 38. Kg2 Qc6+ 39. f3 Qc2+ 40. Qf2 Qb3 41. Qd2 Qxa3 42. Qd5+ Kf8 43. Qxb5 Qa2+ 44. Kh3 Qe6+ 45. g4 Qe1 46. Qc5+ Kf7 47. Kg2 Qd2+ 48. Kg3 Qe1+ 49. Kg2 Qd2+ 50. Kh3 Qd1 51. Qf2 Qb3 52. Qg3 Qxb4 53. Qc7+ Kg6 54. Kg3 h6 55. Qf4 Qe7 56. Qd2 Kf7 57. Qf4 Qe5 58. Qxe5 fxe5 59. Kf2 Ke6 60. Ke3 Kd5 61. Kd3 g6 62. Ke3 Kd6 63. Ke4 Ke6 64. h4 Kd6 65. Ke3 Kd5 66. Kd3 Kd6 67. Ke4 Ke6 68. Ke3 Kd5 69. Kd3 Kd6 70. Ke3 Ke6 71. Ke4 Kd6 72. f4 exf4 73. Kxf4 Ke6 74. Ke4 Kf6 75. Kd5 h5 76. g5+ Kf5 77. Kd6 Kg4 78. Ke6 Kxh4 79. Kf6 Kg3 80. Kxg6 h4 81. Kf5 h3 82. g6 h2 83. g7 h1=Q 84. g8=Q+ Kf2 85. Qa2+ Kg3 86. Qb3+ Qf3+ 87. Qxf3+ Kxf3 1/2-1/2


[Site "https://www.chess.com"]

[Event "Titled Tuesday Blitz February 14 Early 2023"]
[White "Alahakoon, Isuru"]
[Black "Horobetz, Graham"]
[WhiteFideId "9900993"]
[BlackFideId "2047322"]
[WhiteElo "1819"]
[BlackElo "2140"]
[Result "0-1"]
[Round "01"]
[TimeControl "180+2"]
[Date "2023.02.15"]
[WhiteClock "0:01:35"]
[BlackClock "0:00:51"]

1. Nf3 c5 2. c3 d5 3. d4 Nc6 4. Bf4 Nf6 5. e3 Bg4 6. Nbd2 e6 7. Bd3 Bd6 8. Bxd6 Qxd6 9. O-O O-O 10. Qe2 e5 11. dxe5 Nxe5 12. e4 Rfe8 13. Rfe1 Nxf3+ 14. gxf3 Bh3 15. e5 Qd7 16. f4 c4 17. Bc2 Bf5 18. Nf3 Bxc2 19. Qxc2 Qg4+ 20. Kf1 Qxf3 21. Qd2 Nh5 22. Rad1 Nxf4 0-1


[Site "https://www.chess.com"]

[Event "Titled Tuesday Blitz February 14 Early 2023"]
[White "Gedgafov, Chamal"]
[Black "Martynov, Pavel"]
[WhiteFideId "34130621"]
[BlackFideId "4101260"]
[WhiteElo "2118"]
[BlackElo "2414"]
[Result "0-1"]
[Round "01"]
[TimeControl "180+2"]
[Date "2023.02.15"]
[WhiteClock "0:00:42"]
[BlackClock "0:00:05"]

1. d4 d5 2. c4 e6 3. Nc3 c5 4. cxd5 exd5 5. Nf3 Nc6 6. g3 Nf6 7. Bg2 Be7 8. Bg5 O-O 9. dxc5 Bxc5 10. O-O d4 11. Na4 Be7 12. Rc1 h6 13. Bd2 Re8 14. Nc5 Qb6 15. Nd3 Bf5 16. a3 Bxd3 17. exd3 Qxb2 18. Rb1 Qxa3 19. Rxb7 Qxd3 20. Qa4 Rac8 21. Rd1 Nd8 22. Rxa7 Ne6 23. Bxh6 Qc4 24. Qxc4 Rxc4 25. Bd2 Bc5 26. Ne5 Rc2 27. Nxf7 Bxa7 28. Nd6 Rd8 29. Nf5 d3 30. h3 Nd4 31. Be3 Nxf5 32. Bxa7 d2 33. Bf3 Rc1 34. Kg2 Rxd1 35. Bxd1 Rc8 36. g4 Nh4+ 37. Kg3 Ng6 38. Be3 Ne4+ 39. Kf3 Nc3 40. Bb3+ Kh8 41. Bxd2 Nb5 42. Be3 Rd8 43. Bf7 Ne5+ 44. Ke4 Nxf7 0-1


[Site "https://www.chess.com"]

[Event "Titled Tuesday Blitz February 14 Early 2023"]
[White "Demin, Vladimir"]
[Black "Sovetbekova, Nurai"]
[WhiteFideId "4167457"]
[BlackFideId "13801910"]
[WhiteElo "2430"]
[BlackElo "1764"]
[Result "0-1"]
[Round "01"]
[TimeControl "180+2"]
[Date "2023.02.15"]
[WhiteClock "0:00:38"]
[BlackClock "0:00:06"]

1. e4 c5 2. Nf3 d6 3. Ng1 Nf6 4. f3 g6 5. c3 Bg7 6. d4 cxd4 7. cxd4 O-O 8. Nc3 e5 9. Be3 Nc6 10. Nge2 exd4 11. Nxd4 Ne5 12. Be2 a6 13. Nb3 b5 14. O-O Bb7 15. Bf4 Qe7 16. Rc1 Rfd8 17. Qd2 d5 18. Nxd5 Nxd5 19. exd5 Rxd5 20. Qe3 Qf6 21. Rfe1 Nc6 22. Rb1 h5 23. Bg3 Rad8 24. a3 Qf5 25. Rbd1 Nd4 26. Kh1 Nxe2 27. Qxe2 Rxd1 28. Rxd1 Rxd1+ 29. Qxd1 Bxb2 30. h3 Bf6 31. Na5 Qc8 32. Nxb7 Qxb7 33. Qd6 Kg7 34. Be5 Bxe5 35. Qxe5+ Kh7 36. Qd6 a5 37. Qd3 b4 38. axb4 axb4 39. Qb3 Qb5 40. Qxf7+ Kh6 41. Qf8+ Kh7 42. Qf7+ Kh6 43. Qb3 Qc5 44. h4 Qc3 45. Qg8 Qe1+ 46. Kh2 Qxh4+ 47. Kg1 Qd4+ 48. Kh2 Qe5+ 49. Kh1 Qe1+ 50. Kh2 Qc3 51. Qf8+ Kh7 52. Qf7+ Kh6 53. Qf8+ Kg5 54. Qd8+ Qf6 55. Qd2+ Qf4+ 56. Qxf4+ Kxf4 57. g3+ Kxf3 58. Kg1 b3 59. g4 b2 60. gxh5 b1=Q+ 61. Kh2 gxh5 0-1


[Site "https://www.chess.com"]

[Event "Titled Tuesday Blitz February 14 Early 2023"]
[White "Cueto, Jonny"]
[Black "McCoy, Owen"]
[WhiteFideId "3300145"]
[BlackFideId "30924502"]
[WhiteElo "2122"]
[BlackElo "2085"]
[Result "0-1"]
[Round "01"]
[TimeControl "180+2"]
[Date "2023.02.15"]
[WhiteClock "0:00:02"]
[BlackClock "0:00:35"]

1. d4 Nf6 2. Bf4 g6 3. Nc3 Bg7 4. e4 d6 5. Qd2 Nc6 6. Nge2 h6 7. h4 e5 8. Be3 Ng4 9. dxe5 Nxe3 10. Qxe3 Nxe5 11. O-O-O h5 12. f3 b5 13. Nxb5 Rb8 14. Nbc3 Nc4 15. Qxa7 Be6 16. Qa4+ Kf8 17. b3 Nb6 18. Qa5 Ra8 19. Qg5 Bh6 20. f4 Bxg5 21. fxg5 Nd7 22. Nf4 Bg4 23. Rd2 Ne5 24. Bb5 c6 25. Ba4 Qa5 26. Kb2 Nc4+ 27. bxc4 Qb4+ 28. Bb3 Kg7 29. Nd3 Qa3+ 30. Kb1 Rhb8 31. Rf1 Be6 32. Rdf2 Bxc4 33. Ka1 Rxb3 34. cxb3 Bxd3 35. Rxf7+ Kg8 36. R1f6 Qc1+ 37. Nb1 Qxb1# 0-1


[Site "https://www.chess.com"]

[Event "Titled Tuesday Blitz February 14 Early 2023"]
[White "Ambartsumova, Karina"]
[Black "Zaichenko, Daria"]
[WhiteFideId "4166299"]
[BlackFideId "4197453"]
[WhiteElo "2393"]
[BlackElo "2104"]
[Result "1/2-1/2"]
[Round "01"]
[TimeControl "180+2"]
[Date "2023.02.15"]
[WhiteClock "0:00:02"]
[BlackClock "0:00:17"]

1. c4 e6 2. Nf3 d5 3. g3 Nf6 4. Bg2 Be7 5. b3 O-O 6. O-O c5 7. e3 Nc6 8. Bb2 b6 9. Nc3 Bb7 10. cxd5 Nxd5 11. Nxd5 exd5 12. d4 Bf6 13. Qd2 cxd4 14. Nxd4 Nxd4 15. Bxd4 Bxd4 16. Qxd4 Qd6 17. Rfd1 Rad8 18. e4 Rd7 19. exd5 Rfd8 20. Rac1 h6 21. Qa4 Qe5 22. Qxa7 Bxd5 23. Qxb6 Bxg2 24. Qxd8+ Rxd8 25. Rxd8+ Kh7 26. Kxg2 Qa5 27. Rdd1 Qxa2 28. Rb1 Qa8+ 29. Kg1 h5 30. h4 f6 31. b4 Qb7 32. b5 Qb6 33. Rdc1 g5 34. Rc6 Qd4 35. hxg5 h4 36. b6 hxg3 37. Rxf6 gxf2+ 38. Rxf2 Qg4+ 39. Rg2 Qd4+ 40. Kh1 Qe4 41. Rf1 Kg7 42. g6 Qh4+ 43. Kg1 Qd4+ 44. Rff2 Qd1+ 45. Rf1 Qd4+ 46. Kh1 Qh4+ 47. Rh2 Qe4+ 48. Kg1 Qd4+ 49. Rff2 Qd1+ 50. Rf1 Qd4+ 51. Rhf2 Qg4+ 52. Rg2 Qd4+ 1/2-1/2


[Site "https://www.chess.com"]

[Event "Titled Tuesday Blitz February 14 Early 2023"]
[White "Gharamian, Tigran"]
[Black "Tan, Jun Ying"]
[WhiteFideId "13301527"]
[BlackFideId "5710413"]
[WhiteElo "2601"]
[BlackElo "2307"]
[Result "0-1"]
[Round "01"]
[TimeControl "180+2"]
[Date "2023.02.15"]
[WhiteClock "0:00:07"]
[BlackClock "0:00:17"]

1. d4 Nf6 2. c4 e6 3. Nf3 c5 4. d5 d6 5. Nc3 exd5 6. cxd5 g6 7. h3 Bg7 8. e4 O-O 9. Bd3 b5 10. Nxb5 Nxe4 11. Bxe4 Re8 12. O-O Rxe4 13. Bg5 Qb6 14. Na3 Ba6 15. Re1 Rxe1+ 16. Qxe1 Nd7 17. Qe7 Qxb2 18. Re1 Ne5 19. Nxe5 Bxe5 20. Nb1 Qb7 21. Qxb7 Bxb7 22. Nd2 Bxd5 23. Nf3 Bxf3 24. gxf3 Kg7 25. Rd1 Re8 26. Rd5 Re6 27. Be3 Kf6 28. Kf1 Ke7 29. f4 Bg7 30. f5 Re5 31. Rd2 Rxf5 32. Re2 Re5 33. Rb2 Ke6 34. Rb7 c4 35. Rxa7 Rd5 36. Rc7 c3 37. a4 Ra5 38. Rc4 d5 39. Rc6+ Kd7 40. Rb6 d4 41. Bc1 d3 42. Rb7+ Ke6 0-1


[Site "https://www.chess.com"]

[Event "Titled Tuesday Blitz February 14 Early 2023"]
[White "Papp, Levente"]
[Black "Martin, Lewis"]
[WhiteFideId "751243"]
[BlackFideId "410551"]
[WhiteElo "2353"]
[BlackElo "2135"]
[Result "1-0"]
[Round "01"]
[TimeControl "180+2"]
[Date "2023.02.15"]
[WhiteClock "0:00:29"]
[BlackClock "0:00:12"]

1. b3 c5 2. Bb2 Nc6 3. c4 e6 4. Nf3 Nf6 5. Nc3 d5 6. cxd5 exd5 7. d4 cxd4 8. Nxd4 Bc5 9. e3 O-O 10. Be2 Re8 11. O-O Bd7 12. Nf3 Bf5 13. Na4 Be7 14. Nd4 Bg6 15. Rc1 Rc8 16. Nxc6 Rxc6 17. Rxc6 bxc6 18. Qd4 Qc7 19. Rc1 Bd6 20. h3 Be5 21. Qc5 Bxb2 22. Nxb2 Rc8 23. Nd3 Ne4 24. Qd4 Qd6 25. Nf4 Qd7 26. b4 Bf5 27. a4 Nf6 28. Nd3 Bxd3 29. Bxd3 Ne8 30. Rc5 Nd6 31. b5 g6 32. bxc6 Rxc6 33. Rxd5 Rb6 34. Bb5 1-0


[Site "https://www.chess.com"]

[Event "Titled Tuesday Blitz February 14 Early 2023"]
[White "Rosh Jain"]
[Black "Prado Lobo, Jonas"]
[WhiteFideId "25789465"]
[BlackFideId "32050666"]
[WhiteElo "2248"]
[BlackElo "2313"]
[Result "0-1"]
[Round "01"]
[TimeControl "180+2"]
[Date "2023.02.15"]
[WhiteClock "0:00:36"]
[BlackClock "0:00:03"]

1. e4 e6 2. d4 d5 3. Nc3 Nf6 4. Bg5 Bb4 5. e5 h6 6. Bd2 Bxc3 7. bxc3 Ne4 8. Bd3 Nxd2 9. Qxd2 c5 10. Qf4 Qa5 11. Kd2 cxd4 12. Qxd4 Nc6 13. Qf4 d4 14. Ne2 dxc3+ 15. Nxc3 Qxe5 16. Qxe5 Nxe5 17. Bb5+ Bd7 18. Rab1 O-O-O 19. Kc1 Bxb5 20. Rxb5 Nc6 21. Re1 Rd4 22. g3 Rhd8 23. h4 Rd2 24. f4 Kb8 25. Rb2 Rg2 26. Ne4 Rd5 27. Kb1 Nd4 28. Kc1 f5 29. Nd2 Rxg3 30. Nb3 Nxb3+ 31. axb3 Rd6 32. Ra2 Rg4 33. Ra4 Rxh4 34. Rg1 g5 35. fxg5 Rxa4 36. bxa4 hxg5 37. Rxg5 Rd4 38. Rg8+ Kc7 39. Rg7+ Kc6 40. Re7 Re4 41. Kb2 f4 42. Kc3 e5 43. Kd3 Re3+ 44. Kd2 Kb6 45. Re6+ Ka5 46. Re7 Ka6 47. Re6+ b6 48. Re7 Re4 49. Kd3 Rd4+ 50. Kc3 Rd5 51. Kc4 Rc5+ 52. Kd3 Rd5+ 53. Ke4 Ra5 54. Kd3 Rc5 55. c4 Ra5 56. Kc3 Rxa4 57. Rxe5 f3 58. Rf5 Ra3+ 59. Kd4 Kb7 60. Rf7+ Kc6 61. Rf6+ Kd7 62. c5 b5 63. Kd5 Rd3+ 64. Ke4 Rc3 65. Kd5 b4 66. c6+ Ke7 67. Re6+ Kf7 68. Re1 f2 69. Rf1 Rc2 70. Kd6 Ke8 71. c7 Rd2+ 72. Kc6 Rc2+ 73. Kb7 Kd7 74. Kxa7 Kxc7 75. Ka6 Kc6 76. Ka7 Kc5 77. Ka6 Kc4 78. Ka5 Kc3 79. Ka4 b3 80. Rb1 b2 81. Ka3 Rc1 82. Ka2 Rxb1 83. Kxb1 f1=Q+ 84. Ka2 b1=Q+ 85. Ka3 Qb2+ 86. Ka4 Qb3+ 87. Ka5 Qe1 88. Ka6 Qeb1 89. Ka5 Kc2 90. Ka6 Kd2 91. Ka7 Kd1 92. Ka8 Ke1 93. Ka7 Kf1 94. Ka8 Kg1 95. Ka7 Kh1 96. Ka8 Kh2 97. Ka7 Kh3 98. Ka8 Kh4 99. Ka7 Kh5 100. Ka8 Kh6 101. Ka7 Kh7 102. Ka8 Kh8 103. Ka7 Kg8 104. Ka8 Kg7 105. Ka7 Kg6 106. Ka8 Kg5 107. Ka7 Kg4 108. Ka8 Kg3 109. Ka7 Kg2 110. Ka8 Kf2 111. Ka7 Kf3 112. Ka8 Kf4 113. Ka7 Kf5 114. Ka8 Kf6 115. Ka7 Kf7 116. Ka8 Kf8 117. Ka7 Ke8 118. Ka8 Ke7 119. Ka7 Kd6 120. Ka8 Kd5 121. Ka7 Kd4 122. Ka8 Kd3 123. Ka7 Kd2 124. Ka8 Kd1 125. Ka7 Kc1 126. Ka8 Kc2 127. Ka7 Kc3 128. Ka8 Kc4 129. Ka7 Kc5 130. Ka8 Kc6 131. Ka7 Qa1# 0-1


[Site "https://www.chess.com"]

[Event "Titled Tuesday Blitz February 14 Early 2023"]
[White "Manelyuk, Daniil"]
[Black "Hrabinska, Myroslava"]
[WhiteFideId "44173920"]
[BlackFideId "14109190"]
[WhiteElo "2302"]
[BlackElo "2210"]
[Result "1-0"]
[Round "01"]
[TimeControl "180+2"]
[Date "2023.02.15"]
[WhiteClock "0:01:30"]
[BlackClock "0:00:11"]

1. e4 c5 2. Nf3 Nc6 3. d4 cxd4 4. Nxd4 e5 5. Nb5 d6 6. N1c3 a6 7. Na3 b5 8. Nd5 Nge7 9. c4 Nd4 10. Nc2 Nxd5 11. Nxd4 exd4 12. cxd5 Be7 13. Be2 O-O 14. O-O Bf6 15. f4 Re8 16. Bd3 g6 17. Bd2 Qb6 18. f5 Qd8 19. Qf3 Be5 20. fxg6 fxg6 21. Qf7+ Kh8 22. Bg5 Qd7 23. Bf6+ Bxf6 24. Qxf6+ Qg7 25. Qxd6 Bb7 26. Rac1 Rac8 27. Rxc8 Rxc8 28. e5 Rg8 29. e6 Re8 30. Rf7 1-0


[Site "https://www.chess.com"]

[Event "Titled Tuesday Blitz February 14 Early 2023"]
[White "Lauridsen, Jesper Morch"]
[Black "Ezat, Mohamed"]
[WhiteFideId "1401890"]
[BlackFideId "10600906"]
[WhiteElo "2309"]
[BlackElo "2402"]
[Result "1-0"]
[Round "01"]
[TimeControl "180+2"]
[Date "2023.02.15"]
[WhiteClock "0:00:11"]
[BlackClock "0:00:04"]

1. Nf3 d5 2. b3 c6 3. Bb2 Bf5 4. c4 e6 5. d3 h6 6. Nbd2 Nf6 7. e3 Nbd7 8. Be2 Nc5 9. Ne5 Bd6 10. Ndf3 Qa5+ 11. Kf1 Qc7 12. cxd5 exd5 13. h3 O-O 14. Rc1 Rfe8 15. g4 Bh7 16. g5 hxg5 17. Ng4 Nxg4 18. hxg4 f6 19. Nd4 Bg6 20. b4 Nd7 21. Bf3 Kf7 22. Bxd5+ Ke7 23. Be4 Rh8 24. Rxh8 Rxh8 25. Qb3 Bf7 26. Nf5+ Kf8 27. Qa3 a5 28. Nxd6 Qxd6 29. bxa5 1-0


[Site "https://www.chess.com"]

[Event "Titled Tuesday Blitz February 14 Early 2023"]
[White "Cruz Lledo, Pablo"]
[Black "Afanasieva, Alexandra"]
[WhiteFideId "2297361"]
[BlackFideId "34126926"]
[WhiteElo "2373"]
[BlackElo "1857"]
[Result "1/2-1/2"]
[Round "01"]
[TimeControl "180+2"]
[Date "2023.02.15"]
[WhiteClock "0:00:20"]
[BlackClock "0:00:18"]

1. Nf3 Nf6 2. g3 d5 3. Bg2 c5 4. O-O Nc6 5. d4 e6 6. b3 Be7 7. Bb2 O-O 8. Nbd2 b6 9. c4 Bb7 10. cxd5 exd5 11. Rc1 Rc8 12. dxc5 bxc5 13. Qc2 Qd7 14. Rfd1 Rfd8 15. e3 h6 16. Qb1 Qe6 17. Qa1 Nb4 18. Qb1 Ba6 19. Nf1 Ne4 20. a3 Nc6 21. N1d2 Rb8 22. Nxe4 dxe4 23. Nd2 Bd3 24. Qa1 f6 25. Rc3 Kh8 26. Rdc1 Na5 27. Qa2 Ba6 28. Nxe4 Nxb3 29. Re1 c4 30. Rc2 Bb7 31. Nc3 Bxg2 32. Kxg2 Rd6 33. e4 Rdb6 34. Nd5 R6b7 35. Rxc4 Nd2 36. Bc3 Nxc4 37. Qxc4 Rc8 38. Qa4 Rxc3 39. Nxc3 Rb2 40. Nd5 Bc5 41. Ne3 Qa2 42. Nd1 Rxf2+ 43. Kh3 Rxh2+ 44. Kg4 Qe6+ 45. Kf3 h5 46. e5 Qf5+ 47. Qf4 Qd3+ 48. Ne3 Bxe3 49. Qxe3 Qd5+ 50. Qe4 Qb3+ 51. Re3 Qd1+ 52. Kf4 Rf2+ 53. Rf3 Rxf3+ 54. Qxf3 Qxf3+ 55. Kxf3 fxe5 56. Ke4 g5 57. Kxe5 h4 58. gxh4 gxh4 59. Kf4 h3 60. Kg3 Kg7 61. Kxh3 Kf6 62. Kg4 Ke5 63. Kf3 Kd4 64. Ke2 Kc3 65. Kd1 a5 66. Kc1 Kb3 67. a4 Ka3 68. Kb1 Kxa4 69. Ka2 Kb4 70. Kb2 a4 71. Ka2 a3 72. Ka1 Ka4 73. Kb1 Kb3 74. Ka1 a2 1/2-1/2


[Site "https://www.chess.com"]

[Event "Titled Tuesday Blitz February 14 Early 2023"]
[White "Urbina Quiroz, Edwin"]
[Black "Sourath Biswas"]
[WhiteFideId "6500650"]
[BlackFideId "35091484"]
[WhiteElo "2129"]
[BlackElo "2281"]
[Result "0-1"]
[Round "01"]
[TimeControl "180+2"]
[Date "2023.02.15"]
[WhiteClock "0:00:11"]
[BlackClock "0:00:15"]

1. e4 c6 2. Nf3 d5 3. Nc3 Bg4 4. h3 Bxf3 5. Qxf3 e6 6. d3 Nd7 7. Bd2 d4 8. Ne2 Qb6 9. Rb1 Bd6 10. g4 Ne7 11. Ng3 O-O 12. Bg2 Qa6 13. a3 Qa4 14. Qd1 Bxg3 15. fxg3 e5 16. c4 Qxd1+ 17. Kxd1 a5 18. Kc2 a4 19. Bb4 Rfe8 20. h4 b5 21. cxb5 c5 22. Bd2 Reb8 23. g5 Rxb5 24. Bh3 Nb6 25. Rhf1 c4 26. Bb4 Nc6 27. Bd6 cxd3+ 28. Kxd3 Rb3+ 29. Ke2 Nc4 30. Rfc1 Re3+ 31. Kf2 Nxd6 32. Rxc6 Nxe4+ 33. Kg2 Rxg3+ 34. Kh2 Re3 35. Rbc1 g6 36. h5 Nxg5 37. Bg2 gxh5 38. R6c5 Re8 39. Rf1 Kg7 40. Rf5 f6 41. Rb5 Kg6 42. Rf1 Re2 43. b3 Ne6 44. Kg1 Nf4 45. Be4+ Rxe4 46. bxa4 d3 47. a5 d2 48. a6 Re1 49. Rb1 Ne2+ 50. Kf2 Rxf1+ 51. Kxf1 Nc3 0-1


[Site "https://www.chess.com"]

[Event "Titled Tuesday Blitz February 14 Early 2023"]
[White "Ladan, Nicholas"]
[Black "Antonio, Jorge Carlos"]
[WhiteFideId "30918855"]
[BlackFideId "113190"]
[WhiteElo "2228"]
[BlackElo "2277"]
[Result "1/2-1/2"]
[Round "01"]
[TimeControl "180+2"]
[Date "2023.02.15"]
[WhiteClock "0:00:03"]
[BlackClock "0:00:45"]

1. d4 d5 2. c4 c6 3. cxd5 cxd5 4. Nc3 Nf6 5. f3 a6 6. e4 e6 7. e5 Nfd7 8. Bd3 Nc6 9. Nge2 Be7 10. O-O O-O 11. f4 f6 12. f5 exf5 13. Bxf5 fxe5 14. Nxd5 Nxd4 15. Nxd4 exd4 16. Qh5 Nf6 17. Nxf6+ Rxf6 18. Qxh7+ Kf7 19. Bg5 Bxf5 20. Rxf5 Rxf5 21. Qxf5+ Bf6 22. Rf1 Rc8 23. Bxf6 gxf6 24. Qh5+ Kg7 25. Qg4+ Kf7 26. h4 d3 27. h5 d2 28. Qg6+ Ke6 29. Qe4+ Kf7 30. Qg6+ Ke6 31. Qg4+ Kf7 32. h6 Rc1 33. Qg7+ Ke6 34. Qg4+ Kf7 35. Qh5+ Kf8 36. Rd1 Qd4+ 37. Kh2 Qf4+ 38. Kg1 1/2-1/2


[Site "https://www.chess.com"]

[Event "Titled Tuesday Blitz February 14 Early 2023"]
[White "Onslow, Alfie"]
[Black "Belov, Alexei"]
[WhiteFideId "436976"]
[BlackFideId "4128206"]
[WhiteElo "2157"]
[BlackElo "2421"]
[Result "0-1"]
[Round "01"]
[TimeControl "180+2"]
[Date "2023.02.15"]
[WhiteClock "0:00:02"]
[BlackClock "0:00:33"]

1. e4 e6 2. d4 d5 3. e5 c5 4. c3 Qb6 5. Nf3 Nc6 6. Bd3 cxd4 7. cxd4 Bd7 8. Be2 Nge7 9. Na3 Nf5 10. Nc2 Be7 11. O-O h5 12. a3 a5 13. Rb1 Rc8 14. Be3 h4 15. g3 hxg3 16. hxg3 a4 17. Kg2 Na5 18. g4 Nxe3+ 19. Nxe3 Nb3 20. Qd3 Bc6 21. Rh1 Kd7 22. Nf5 exf5 23. Qxf5+ Kc7 24. Qxf7 Rhe8 25. Rh7 Kb8 26. Rxg7 Nxd4 27. Bd3 Nxf3 28. Qxf3 Rf8 29. Qg3 Bc5 30. Bf5 Rcd8 31. f3 d4 32. g5 Rxf5 33. e6+ Bd6 0-1


[Site "https://www.chess.com"]

[Event "Titled Tuesday Blitz February 14 Early 2023"]
[White "Rojas Salas, Steven"]
[Black "Mendez Machado, Andre"]
[WhiteFideId "3819434"]
[BlackFideId "6603793"]
[WhiteElo "2217"]
[BlackElo "1974"]
[Result "1-0"]
[Round "01"]
[TimeControl "180+2"]
[Date "2023.02.15"]
[WhiteClock "0:00:19"]
[BlackClock "0:00:01"]

1. c4 e5 2. Nc3 Nf6 3. Nf3 Nc6 4. e3 Bb4 5. Qc2 Bxc3 6. Qxc3 d5 7. Nxe5 O-O 8. Nxc6 bxc6 9. Be2 Ne4 10. Qc2 Nd6 11. b3 Rb8 12. Bb2 dxc4 13. bxc4 Qg5 14. g3 Be6 15. d3 Bh3 16. Bf3 c5 17. O-O-O Rb6 18. Rd2 Rfb8 19. Qc3 f6 20. Re1 Qf5 21. Bd1 Qd7 22. f3 Ra6 23. Kb1 Qc6 24. g4 Qb6 25. Rg1 h5 26. gxh5 Kh8 27. h6 Qa5 28. hxg7+ Kg8 29. Qxa5 Rxa5 30. Bb3 1-0


[Site "https://www.chess.com"]

[Event "Titled Tuesday Blitz February 14 Early 2023"]
[White "Loskutova, Viktoriya"]
[Black "Bayo Milagro, Alvaro"]
[WhiteFideId "34166278"]
[BlackFideId "22275240"]
[WhiteElo "2153"]
[BlackElo "2287"]
[Result "1-0"]
[Round "01"]
[TimeControl "180+2"]
[Date "2023.02.15"]
[WhiteClock "0:01:06"]
[BlackClock "0:01:54"]

1. e4 c5 2. Nf3 d6 3. Bb5+ Nd7 4. O-O Nf6 5. Re1 g6 6. c3 Bg7 7. d4 O-O 8. h3 a6 9. Bf1 e5 10. a4 exd4 11. cxd4 Re8 12. Nc3 b6 13. e5 Nh5 14. g4 cxd4 15. Nxd4 dxe5 16. Nb3 Nf4 17. Bxf4 exf4 18. Rxe8+ Qxe8 19. Bg2 Rb8 20. Qd6 Bb7 21. Nd5 Bf8 22. Qxd7 Qxd7 23. Nf6+ Kg7 24. Nxd7 Rd8 25. Nxf8 Bxg2 26. Kxg2 Kxf8 27. Rc1 Rd2 28. Nxd2 1-0


[Site "https://www.chess.com"]

[Event "Titled Tuesday Blitz February 14 Early 2023"]
[White "Pajeken, Jakob Leon"]
[Black "Smith, Garrett L"]
[WhiteFideId "12942839"]
[BlackFideId "2024829"]
[WhiteElo "2417"]
[BlackElo "2047"]
[Result "1-0"]
[Round "01"]
[TimeControl "180+2"]
[Date "2023.02.15"]
[WhiteClock "0:00:17"]
[BlackClock "0:00:16"]

1. d4 Nf6 2. Nf3 g6 3. g3 Bg7 4. Bg2 c6 5. O-O d5 6. Ne5 O-O 7. b3 c5 8. Bb2 cxd4 9. Nd2 Nc6 10. Nxc6 bxc6 11. Bxd4 Qd6 12. Nf3 Ba6 13. Re1 Rfe8 14. Be5 Qa3 15. Qc1 Qxc1 16. Raxc1 Red8 17. a4 c5 18. e3 Ne4 19. Bxg7 Kxg7 20. Ne5 Nc3 21. Bf3 Rac8 22. Kg2 c4 23. h4 h5 24. Bd1 f6 25. Nf3 e5 26. b4 Bb7 27. Kf1 d4 28. exd4 e4 29. Ng1 Rxd4 30. Ne2 Nxe2 31. Bxe2 c3 32. Rb1 Rd2 33. Red1 Rcd8 34. Rxd2 Rxd2 35. Rd1 Rxd1+ 36. Bxd1 Kf7 37. Ke2 Ke6 38. Ke3 Ke5 39. Be2 Bd5 40. b5 f5 41. a5 Be6 42. a6 Bc8 43. Bc4 f4+ 44. gxf4+ Kf5 45. Bf1 Kg4 46. Kxe4 Kxh4 47. Kd5 Kg4 48. Kc6 Kxf4 49. Kc7 Be6 50. b6 axb6 51. Bg2 1-0


[Site "https://www.chess.com"]

[Event "Titled Tuesday Blitz February 14 Early 2023"]
[White "Ardila, Oscar Humberto"]
[Black "Al-Tarboush, Ward"]
[WhiteFideId "4404742"]
[BlackFideId "7601450"]
[WhiteElo "1982"]
[BlackElo "2256"]
[Result "0-1"]
[Round "01"]
[TimeControl "180+2"]
[Date "2023.02.15"]
[WhiteClock "0:01:57"]
[BlackClock "0:02:19"]

1. d4 Nf6 2. c4 g6 3. Nc3 d5 4. Nf3 Bg7 5. e3 O-O 6. Bd2 c5 7. Be2 cxd4 8. Nxd4 e5 9. Nf3 d4 10. Nb5 d3 11. Bf1 e4 12. Nfd4 Nc6 13. Nxc6 bxc6 14. Nd4 c5 15. Nb3 Bg4 16. f3 exf3 17. gxf3 Ne4 18. h4 Be5 19. f4 Bxd1 20. Rxd1 Bf6 21. Bg2 Bxh4+ 22. Kf1 Ng3+ 23. Kg1 Ne2+ 24. Kh2 Bg3+ 25. Kh3 Qh4# 0-1


[Site "https://www.chess.com"]

[Event "Titled Tuesday Blitz February 14 Early 2023"]
[White "Cori T., Deysi"]
[Black "Korpics, Zsolt"]
[WhiteFideId "3801934"]
[BlackFideId "705241"]
[WhiteElo "2362"]
[BlackElo "2300"]
[Result "1-0"]
[Round "01"]
[TimeControl "180+2"]
[Date "2023.02.15"]
[WhiteClock "0:01:01"]
[BlackClock "0:00:46"]

1. d4 Nf6 2. Nf3 e6 3. e3 b6 4. Bd3 Bb7 5. O-O c5 6. c4 cxd4 7. exd4 d6 8. Nc3 Be7 9. Qe2 O-O 10. Rd1 Nbd7 11. Ng5 h6 12. Nge4 Nxe4 13. Nxe4 Nf6 14. Ng3 Qc7 15. b3 d5 16. Nh5 Nxh5 17. Qxh5 dxc4 18. bxc4 Qc6 19. Bf1 Bf6 20. Bb2 Qe4 21. Rac1 Rac8 22. Re1 Qh4 23. Qxh4 Bxh4 24. Rc3 Rfd8 25. Ra3 a6 26. Rb3 Rd6 27. c5 Rdc6 28. g3 Bf6 29. Bg2 R6c7 30. Rxb6 Bxg2 31. Kxg2 Rd7 32. Re4 Rcd8 33. Rxa6 Bxd4 34. c6 Rd6 35. Rxd4 Rxd4 36. Bxd4 Rxd4 37. Ra8+ Kh7 38. c7 1-0


[Site "https://www.chess.com"]

[Event "Titled Tuesday Blitz February 14 Early 2023"]
[White "Bashylina, Luisa"]
[Black "Injac, Teodora"]
[WhiteFideId "12983292"]
[BlackFideId "932400"]
[WhiteElo "2103"]
[BlackElo "2391"]
[Result "0-1"]
[Round "01"]
[TimeControl "180+2"]
[Date "2023.02.15"]
[WhiteClock "0:01:07"]
[BlackClock "0:00:43"]

1. e4 c5 2. Nf3 d6 3. d4 cxd4 4. Nxd4 Nf6 5. Nc3 a6 6. f4 e5 7. Nf3 Qc7 8. Bd3 Nbd7 9. O-O Be7 10. Kh1 O-O 11. a4 Nc5 12. f5 h6 13. Qe2 b6 14. g4 d5 15. Nxd5 Nxd5 16. exd5 Bb7 17. Qxe5 Qxe5 18. Nxe5 Bxd5+ 19. Kg1 Bf6 20. Bf4 Rfe8 21. Rfe1 Ra7 22. Re2 Rae7 23. Rae1 Nxd3 24. cxd3 Bh4 25. Bg3 Bxg3 26. hxg3 f6 27. d4 fxe5 28. dxe5 Bf3 29. Re3 Bxg4 0-1


[Site "https://www.chess.com"]